 Dungeon Crawl Stone Soup version 0.28.0-45-g0d030f2227 (webtiles) character file.

Game seed: 15729665363605778076

59 Faeu the Skirmisher (level 3, -3/33 HPs)
             Began as a Minotaur Fighter on Apr 4, 2022.
             Slain by an orc
             ... wielding a +0 mace
              (6 damage)
             ... on level 3 of the Dungeon.
             The game lasted 00:04:34 (2120 turns).

Faeu the Skirmisher (Minotaur Fighter)              Turns: 2120, Time: 00:04:35

Health: -3/33      AC:  7    Str: 22    XL:     3   Next: 78%
Magic:  2/2        EV:  9    Int:  5    God:
Gold:   106        SH:  4    Dex:  9    Spells: 2/2 levels left

rFire   . . .      SeeInvis .   a - +0 war axe {axe}
rCold   . . .      Faith    .   c - +0 buckler
rNeg    . . .      Spirit   .   b - +0 scale mail
rPois   .          Reflect  .   (helmet restricted)
rElec   .          Harm     .   (no cloak)
rCorr   .          Rampage  .   (no gloves)
Will    .....                   (no boots)
Stlth   ..........              (no amulet)
HPRegen 0.11/turn               (no ring)
MPRegen 0.08/turn               (no ring)

@: no status effects
A: horns 2, retaliatory headbutt
a: no special abilities


You were on level 3 of the Dungeon.
You visited 1 branch of the dungeon, and saw 3 of its levels.

You collected 106 gold pieces.


Innate Abilities, Weirdness & Mutations

You have a pair of horns on your head.
You reflexively headbutt those who attack you in melee.


   Skills:
 + Level 4.1 Fighting
 + Level 3.0 Axes
 + Level 1.0 Throwing
 + Level 4.0 Armour
 + Level 1.2 Dodging
 + Level 4.1 Shields


You had 2 spell levels left.
You didn't know any spells.
Your spell library was empty.

Inventory:

Hand Weapons
 a - a +0 war axe (weapon) {axe}
Missiles
 g - 5 boomerangs (quivered) {throwing}
 l - 3 poisoned darts {throwing}
Armour
 b - a +0 scale mail (worn)
 c - a +0 buckler (worn)
Scrolls
 f - a scroll of enchant weapon {unknown}
 h - 2 scrolls of amnesia {unknown}
 i - a scroll of noise {unknown}
 k - a scroll of magic mapping {unknown}
Potions
 d - a potion of might
 e - 3 potions of brilliance {unknown}
 j - a potion of attraction {unknown}

Dungeon Overview and Level Annotations

Branches:
Dungeon (3/15)

Altars:

######.##.##...#.####......##.#
#.##.##.............#.##.#
#.............##<##.#.##.#
####.#####...###.##.#.##.# #.#
##.## #.##......# #.######.#
#.####.#### #........# #.####.#
########.# #......# #@#
######## #o# #o# #.. #... #....
...... ....... ........


You could see 2 orcs.


Message History

The quokka closely misses you.
You hit the quokka. The quokka closely misses you. You furiously retaliate!
You headbutt the quokka.
You kill the quokka!
You see here 3 poisoned darts {throwing}.
l - 3 poisoned darts {throwing} As you open the door, it creaks loudly!
An endoplasm comes into view.
The endoplasm quivers. 😎 HP[+1]
There is an open door here.
You hit the endoplasm. The endoplasm hits you.
The endoplasm hits you but does no damage. 😕 HP[-2]
You take 2 damage, and now have 31/33 hp.
You slash the endoplasm!
You kill the endoplasm! 😕 HP[+1]
You open the door.
There is an open door here. 😎 HP[+1]
There is an open door here.
You open the door.
There is an open door here.
There is a stone staircase leading down here.
You now have 106 gold pieces (gained 14). 2 orcs come into view.
The orc shouts! x2
The orc throws a boomerang.
The boomerang closely misses you.
An orc comes into view. It is wielding a +0 mace.
The orc shouts!
You hear an angry hiss.
An orc comes into view. It is wielding a +0 short sword.
An adder comes into view.
The adder hisses angrily.
An adder comes into view.
The orc throws a boomerang.
The boomerang hits you. 😕 HP[-3]
You take 3 damage, and now have 30/33 hp. 😕 HP[+1]
The orc hits you with a +0 trident. 😕 HP[-4]
You take 4 damage, and now have 27/33 hp.
You slash the orc!
You kill the orc!
The adder barely misses you.
You miss the adder.
The orc shouts!
The adder bites you but does no damage. The adder bites you. 😕 HP[-2]
You take 2 damage, and now have 25/33 hp.
You slash the adder! The adder bites you but does no damage.
You block the adder's attack.
You miss the adder. You headbutt the adder.
You kill the adder!
The adder bites you but does no damage.
Your Fighting skill increases to level 4!
Your Axes skill increases to level 3!
You miss the adder. The adder bites you but does no damage.
The adder bites you.
You closely miss the adder. Your headbutt misses the adder.
The adder bites you but does no damage.
You closely miss the adder. Your headbutt misses the adder.
The adder bites you but does no damage. The adder barely misses you.
You furiously retaliate!
You headbutt the adder. You miss the adder. The adder bites you.
You are poisoned.
The adder poisons you! You block the adder's attack. 😮 HP[-3]
You take 3 damage, and now have 22/33 hp.
You barely miss the adder.
You feel very sick. The adder bites you but does no damage.
You block the adder's attack. 😮 HP[-3]
You take 3 damage, and now have 19/33 hp.
You closely miss the adder. Your headbutt misses the adder.
You feel sick. The adder bites you but does no damage.
The adder barely misses you. 😮 HP[-1]
You take 1 damage, and now have 18/33 hp.
You miss the adder. Your headbutt misses the adder.
You feel sick. The adder closely misses you. You furiously retaliate!
You headbutt the adder!
You kill the adder!
Your Throwing skill increases to level 1! 😮 HP[-1]
You take 1 damage, and now have 17/33 hp.
You closely miss the orc.
You feel sick. The orc closely misses you. The orc hits you with a +0 flail!
* * * LOW HITPOINT WARNING * * *
You closely miss the orc.
You feel sick.
You are no longer poisoned.
You block the orc's attack. 😱 HP[-10]
You take 10 damage, and now have 7/33 hp.
MASSIVE DAMAGE!! (PAUSE)
You slash the orc!
You kill the orc!
You barely miss the orc. The orc barely misses you.
The orc hits you with a +0 mace.
* * * LOW HITPOINT WARNING * * *
You closely miss the orc. The orc hits you with a +0 mace.
You die...

Skill      XL: |  1  2  3 |
---------------+----------+-----
Dodging        | 1 |  1.2
Shields        | 4 |  4.1
Armour         | 4 |  4.0
Fighting       | 4 |  4.1
Axes           | 3 |  3.0
Throwing       | 1 |  1.0

Action                   || total
-------------------------++-------
Melee: War axe           ||    69
       Headbutt          ||     5
Armor: Scale mail        ||    35
Dodge: Dodged            ||    40
Block: Buckler           ||    16

Levels and vault maps discovered:
D:1:      dpeg_arrival_radiant, layout_loops_ring, ebering_ecumenical_altar_rust
D:2:      layout_basic
D:3:      layout_loops_corners, hex_medium, kennysheep_generic_room_15

Notes
Turn   | Place    | Note
-------+----------+-------------------------------------------
     0 | D:1      | Faeu the Minotaur Fighter began the quest for the Orb.
     0 | D:1      | Reached XP level 1. HP: 19/19 MP: 0/0
     0 | D:1      | magus.rc [v1.9.6]
   163 | D:1      | Found a faded altar of an unknown god.
   227 | D:1      | Reached XP level 2. HP: 27/27 MP: 1/1
  1689 | D:3      | Reached XP level 3. HP: 28/33 MP: 2/2
  1806 | D:3      | Reached skill level 1 in Dodging
  1806 | D:3      | Reached skill level 4 in Shields
  1952 | D:3      | Reached skill level 4 in Armour
  2109 | D:3      | Reached skill level 4 in Fighting
  2109 | D:3      | Reached skill level 3 in Axes
  2116 | D:3      | Reached skill level 1 in Throwing
  2116 | D:3      | HP: 8/33 [orc/+0 flail (8)]
  2119 | D:3      | HP: 3/33 [orc/+0 mace (4)]
  2120 | D:3      | Slain by an orc

Vanquished Creatures
  3 adders (D:3)
  2 orcs (D:3)
  3 ball pythons
  2 endoplasms
  2 giant cockroaches
  A goblin (D:1)
  4 hobgoblins (D:1)
  4 kobolds
  3 quokkas (D:3)
  2 bats
  A frilled lizard (D:1)
  3 rats
30 creatures vanquished.

Table legend:
 A = Non-vault XP
 B = Vault XP
 C = Vault XP percentage of total XP
 D = Non-vault monster count
 E = Vault monster count
 F = Vault count percentage of total count
                 A         B        C        D         E       F
            +---------+---------+-------+---------+---------+-------
      Total |      70 |      15 |  17.6 |      28 |       2 |   6.7
            +---------+---------+-------+---------+---------+-------
        D:1 |      23 |       0 |   0.0 |      14 |       0 |   0.0
        D:2 |       7 |       0 |   0.0 |       6 |       0 |   0.0
        D:3 |      40 |      15 |  27.3 |       8 |       2 |  20.0
            +---------+---------+-------+---------+---------+-------

Illustrated notes

Table legend:
 A = Kills in this place as a percentage of kills in entire the game.
 B = Kills by you in this place as a percentage of kills by you in the entire game.
 C = Kills by friends in this place as a percentage of kills by friends in the entire game.
 D = Other kills in this place as a percentage of other kills in the entire game.
 E = Experience gained in this place as a percentage of experience gained in the entire game.
 F = Experience gained in this place divided by the number of levels of this place that you have seen.
                   A       B       C       D       E      F
               +-------+-------+-------+-------+-------+----------------------
         Total | 100.0 | 100.0 |   N/A |   N/A | 100.0 |  28.3
       Dungeon | 100.0 | 100.0 |   N/A |   N/A | 100.0 |  28.3
               +-------+-------+-------+-------+-------+----------------------

Table legend: (Time is in decaauts)
 A = Elapsed time spent in this place.
 B = Non-inter-level travel time spent in this place.
 C = Inter-level travel time spent in this place.
 D = Time resting spent in this place.
 E = Time spent auto-exploring this place.
 F = Levels seen in this place.
 G = Mean time per level.
                   A        B        C        D        E       F      G
               +--------+--------+--------+--------+--------+-----+--------+
         Total |   2147 |   2074 |     73 |      0 |   1436 |   3 |  715.7 |
       Dungeon |   2147 |   2074 |     73 |      0 |   1436 |   3 |  715.7 |
               +--------+--------+--------+--------+--------+-----+--------+

Top non-repeatable levels by time:
     D:2: 874 daAuts
     D:1: 813 daAuts
     D:3: 459 daAuts
